cohdb
Replays
Latest Replays
All Replays
Popular Replays
Top Player Replays
Match Explorer
How It Works
Community
CoH3 Stats
Reddit
Sign in to upload your games and track your stats! →
Sign in with Steam
Match 39351873
Unlisted
Match 39351873
Overview
Messages
Build Orders
End
Panzergrenadier Squad
250 Light Carrier
Selects Italian Infantry
Panzergrenadier Squad
Construct Light Support Kompanie
Selects Defensive Operations
Panzergrenadier Squad
Combat Half-tracks
Fire Support Elements
Construct Panzerarmee Kommand
Pak 38 Mechanized Group
Vehicle Survival Package
Panzer III L Medium Tank
Selects Prepared Positions
Panzer III L Medium Tank
Construct Mechanized Kompanie
Emergency Repair Kits
Forward Retreat Point
18-tonne Recovery Half-track
Walking Stuka Rocket Launcher
le.IG 18 Mechanized Group
Armored Reserves
Selects Guastatori Squad
Selects L6/40 Light Tank Combat Group
Selects Towed Cannone da 105/28 Field Howitzer
Towed Cannone da 105/28 Field Howitzer
Advanced Optics
Rapid Advance
Tungsten Core Ammunition
lnsidetheFire
GermanSHark
Jackatm
[NOMAD] AndrewZ
DibbeTC
Mad Mac
Smorrebrod
Field marshal Prince
0
0
Comments
sign in to comment!
No comments posted yet!